 Dungeon Crawl Stone Soup version 0.20-a0-1016-g241539b (webtiles) character file.

184 FastMan the Chopper (level 5, 28/28 HPs)
             Began as a Vine Stalker Fighter on Apr 16, 2017.
             Was a Follower of Dithmenos.
             Quit the game on level 3 of the Dungeon.
             The game lasted 00:01:19 (1324 turns).

FastMan the Chopper (Vine Stalker Fighter)          Turns: 1324, Time: 00:01:20

Health: 28/28      AC:  6    Str: 19    XL:     5   Next: 63%
Magic:  6/6        EV:  7    Int:  8    God:    Dithmenos [*.....]
Gold:   88         SH:  9    Dex: 14    Spells: 4/4 levels left

rFire    . . .     SeeInvis .   a - +0 war axe
rCold    . . .     Gourm    .   c - +0 shield
rNeg     . . .     Faith    .   b - +0 scale mail
rPois    .         Spirit   +   (no helmet)
rElec    .         Reflect  .   (no cloak)
rCorr    .         Harm     .   (no gloves)
MR       .....                  (no boots)
Stlth    ..........             (no amulet)
Regen    0.5/turn               (no ring)
MPRegen  0.1/turn               (no ring)

@: wreathed by umbra
A: fangs 2, regeneration 1, magic shield, antimagic bite, no potion heal 3, rot
immunity
a: Renounce Religion


You were on level 3 of the Dungeon.
You worshipped Dithmenos.
Dithmenos was aware of your devotion.
You were not hungry.

You visited 1 branch of the dungeon, and saw 3 of its levels.

You collected 88 gold pieces.

Inventory:

Hand Weapons
 a - a +0 war axe (weapon)
Armour
 b - a +0 scale mail (worn)
 c - a +0 shield (worn)
Scrolls
 i - 4 scrolls of identify {unknown}
 k - 2 scrolls of teleportation {unknown}
 l - 2 scrolls of recharging {unknown}
 n - a scroll of magic mapping {unknown}
 p - a scroll of immolation {unknown}
 s - a scroll of blinking {unknown}
 u - a scroll of fog {unknown}
Potions
 d - a potion of might {@q4}
 e - a potion of mutation {unknown}
 j - 3 potions of curing {unknown}
 m - a potion of degeneration {unknown}
 o - a potion of agility {unknown}
 q - 2 potions of haste {unknown}
 t - a potion of flight {unknown}
Comestibles
 f - a bread ration {@e1}
 g - 3 chunks of flesh
 h - 2 meat rations {@e2}
 r - 3 fruits {@e4}


   Skills:
 + Level 3.6 Fighting
 * Level 3.9 Axes
 - Level 2.4 Armour
 + Level 3.4 Shields


You had 4 spell levels left.
You didn't know any spells.

Dungeon Overview and Level Annotations

Branches:
Dungeon (3/15)

Altars:
Dithmenos


Innate Abilities, Weirdness & Mutations

You have extremely sharp teeth.
Your natural rate of healing is unusually fast.
When hurt, damage is shared between your health and your magic reserves.
Your bite disrupts and absorbs the magic of your enemies.
Potions cannot restore your health.
You are immune to rotting.


Message History

Eating one of 4 chunks of flesh.
You eat one of the 4 chunks of flesh.
This raw flesh tastes terrible.
There is a faded altar of an unknown god here.
Unknown command.
Press < or > to pray at altars.
You cannot tell which god this altar belongs to.
Convert to them anyway?
Okay, then.
You cannot tell which god this altar belongs to.
Convert to them anyway?
Dithmenos accepts your prayer! Dithmenos welcomes you!
You are shrouded in an aura of darkness!
Unknown command.
Press < or > to pray at altars.
Unknown command.
Press < or > to pray at altars.
Unknown command.
Press < or > to pray at altars.
Unknown command.
Press < or > to pray at altars.
Are you sure you want to abandon this character and quit the game? (Confirm with "yes".)

##..#..#..##..#.......(((((
##........................
##.#..#####.##........^...
#..#.........#......##....
###.##.......#.#####.(......
#...............##...#.##..#
##.##.###..####....#.#......
#..#.# ##### ######.###..##
##...#####@# #.###.###
#..#.##...# #.##.|##.
#..#####.#########....###.
##..#.##...##....(........
#.####.##..##.#....#######
#.#...#...###.....##
##.#..######.#.####
##.##....#.##.#
###...รท......#


There were no monsters in sight!

Vanquished Creatures
  An ogre (D:3)
  4 adders
  2 worms (D:3)
  A dart slug (D:1)
  A leopard gecko (D:2)
  5 orcs (D:3)
  2 giant cockroaches
  6 goblins
  9 jackals
  A quokka (D:3)
  A ball python (D:2)
  5 bats
  2 frilled lizards
  6 kobolds
  9 rats
55 creatures vanquished.

Notes
Turn   | Place    | Note
-------+----------+-------------------------------------------
     0 | D:1      | FastMan the Vine Stalker Fighter began the quest for the Orb.
     0 | D:1      | Reached XP level 1. HP: 11/11 MP: 2/2
    88 | D:1      | Reached XP level 2. HP: 14/16 MP: 3/3
   371 | D:2      | Reached XP level 3. HP: 13/20 MP: 4/4
   571 | D:2      | Gained mutation: Your natural rate of healing is unusually fast. [Vine Stalker growth]
   571 | D:2      | Reached XP level 4. HP: 17/24 MP: 5/5
   856 | D:3      | Noticed an ogre
   881 | D:3      | Killed an ogre
   881 | D:3      | Reached XP level 5. HP: 4/28 MP: 2/6
   893 | D:3      | HP: 1/28 [rat (2)]
  1166 | D:3      | Found a faded altar of an unknown god.
  1323 | D:3      | Became a worshipper of Dithmenos the Shadowed
  1323 | D:3      | Reached * piety under Dithmenos
  1324 | D:3      | Quit the game

Vault maps used:
D:1:      dpeg_arrival_windows_large_door, minmay_misc_feat_enclosed
D:2:      lightli_temple_of_fire, nemelex_xobeh_ov_fountains_minmay,
          serial_bayou_pond_c, minmay_rat_hole
D:3:      chequers_ecumenical_altar_grove

Skill      XL: |  1  2  3 |
---------------+----------+-----
Axes           | 2 3 |  3.9
Fighting       | 3 |  3.6
Shields        | 3 |  3.4
Armour         | |  2.4

Action                   |  1- 3 |  4- 6 || total
-------------------------+-------+-------++-------
Melee: War axe           |    58 |    52 ||   110
       Bite              |    15 |    12 ||    27
  Eat: Chunk             |       |     2 ||     2
Armor: Scale mail        |    43 |    38 ||    81
Dodge: Dodged            |    33 |    32 ||    65
Block: Shield            |    46 |    48 ||    94
